 Dungeon Crawl Stone Soup version 0.31-a0-358-gac0dbeb3ab (webtiles) character file.

Game seed: 2441114163408478225

17045 AdnanSaban the Basher (level 12, -1/76 HPs)
             Began as a Gargoyle Fighter on July 26, 2023.
             Was a High Priest of Okawaru.
             Slain by Snorg (18 damage)
             ... on level 11 of the Dungeon.
             The game lasted 00:39:25 (16930 turns).

AdnanSaban the Basher (Gargoyle Fighter)           Turns: 16930, Time: 00:39:25

Health: -1/76      AC: 30    Str: 25    XL:     12   Next: 43%
Magic:  10/17      EV: 11    Int:  9    God:    Okawaru [*****.]
Gold:   1744       SH:  7    Dex: 15    Spells: 11/11 levels left

rFire   . . .        C - +0 morningstar
rCold   . . .        c - +0 buckler
rNeg    + . .        L - +0 plate armour
rPois   ∞            e - +0 helmet
rElec   +            (no cloak)
rCorr   .            i - +0 pair of gloves
SInv    .            w - +0 pair of boots
Will    .....        (no amulet) Stlth
                     A - +6 ring of dexterity
HPRegen 0.32/turn    (no ring)
MPRegen 0.15/turn

%: no passive effects
@: mighty, heroic, finesse-ful
A: sickness immunity, AC +8, negative energy resistance 1, electricity
resistance, torment resistance 1, petrification resistance
a: Renounce Religion, Heroism, Finesse, Duel


You were on level 11 of the Dungeon.
You worshipped Okawaru.
Okawaru was extremely pleased with you.
You visited 3 branches of the dungeon, and saw 15 of its levels.

You collected 1744 gold pieces.

Inventory:

Hand Weapons
 C - a +0 morningstar (weapon)
Missiles
 j - 11 poisoned darts (quivered)
 y - 13 boomerangs
 J - 3 silver boomerangs
 P - a throwing net
Armour
 c - a +0 buckler (worn)
 e - a +0 helmet (worn)
 i - a +0 pair of gloves (worn)
 w - a +0 pair of boots (worn)
 L - a +0 plate armour (worn)
Jewellery
 A - a +6 ring of dexterity (left hand)
 G - a ring of fire
Wands
 x - a wand of digging (9)
 z - a wand of quicksilver (9)
 H - a wand of flame (8)
 I - a wand of polymorph (5)
 K - a wand of mindburst (9)
 M - a wand of roots (4)
Scrolls
 b - 4 scrolls of blinking {unknown}
 f - 7 scrolls of identify {unknown}
 h - 8 scrolls of revelation {unknown}
 m - 3 scrolls of fear {unknown}
 n - 8 scrolls of teleportation {unknown}
 o - 2 scrolls of enchant weapon {unknown}
 u - 2 scrolls of enchant armour {unknown}
 v - a scroll of silence {unknown}
 D - 3 scrolls of noise {unknown}
 E - 3 scrolls of torment {unknown}
 N - 2 scrolls of amnesia {unknown}
 O - a scroll of vulnerability {unknown}
Potions
 a - 3 potions of degeneration {unknown}
 d - a potion of might
 g - 2 potions of invisibility {unknown}
 k - 2 potions of attraction {unknown}
 l - 4 potions of lignification {unknown}
 p - 4 potions of mutation {unknown}
 q - a potion of magic {unknown}
 r - 5 potions of curing {unknown}
 s - 3 potions of ambrosia {unknown}
 t - 2 potions of heal wounds {unknown}
 B - 2 potions of enlightenment {unknown}
 F - 3 potions of brilliance {unknown}
 Q - a potion of cancellation {unknown}


   Skills:
 * Level 9.4(14.4) Fighting
 + Level 12.3(17.3) Maces & Flails
 + Level 5.2(10.2) Throwing
 + Level 9.6(14.6) Armour
 + Level 3.2(8.2) Dodging
 + Level 7.4(12.4) Shields
 + Level 6.7 Invocations


You had 11 spell levels left.
You didn't know any spells.
Your spell library contained the following spells:

 Spells                   Type           Power      Damage    Failure   Level
 Apportation              Tloc           0%         N/A       98%         1
 Magic Dart               Conj           0%         1d3       98%         1
 Slow                     Hex            0%         N/A       98%         1
 Wereblood                Tmut           0%         N/A       99%         2
 Confusing Touch          Hex            0%         N/A       100%        3
 Mephitic Cloud           Conj/Pois/Air  0%         N/A       100%        3
 Vampiric Draining        Necr           0%         2d6       100%        3
 Vhi's Electric Charge    Tloc/Air       0%         N/A       100%        3
 Alistair's Intoxication  Tmut/Pois      0%         N/A       100%        5
 Arcjolt                  Conj/Air       0%         1d10      100%        5
 Irradiate                Conj/Tmut      0%         3d11      100%        5
 Lee's Rapid Deconstruct  Erth           0%         3d4*      100%        5
 Maxwell's Capacitive Co  Air            0%         ∞         100%        8
 Call Imp                 Summ           Unusable   N/A       N/A         2
 Animate Armour           Summ/Erth      Unusable   N/A       N/A         4
 Summon Lightning Spire   Summ/Air       Unusable   N/A       N/A         4

Dungeon Overview and Level Annotations

Branches:
Dungeon (12/15)            Temple (1/1) D:4            Lair (0/5) D:11
    Orc (2/2) D:10            Elf (0/3) Orc:2

Altars:
Ashenzari
Cheibriados
Dithmenos
Elyvilon
Fedhas
Gozag
Hepliaklqana
Kikubaaqudgha
Makhleb
Nemelex Xobeh
Okawaru
Qazlal
Ru
Sif Muna
Trog
Uskayaw
Vehumet
Wu Jian
Xom
Yredelemnul
Zin
The Shining One

Shops:
D:7 =   D:10 [((   Orc:2 *

Annotations:
D:11 Snorg
Orc:2 1 runed translucent door, Saint Roka; fedoskokos's ghost, journeyman TrSh


Innate Abilities, Weirdness & Mutations

You are immune to sickness and miasma.
Your stone body is resilient. (AC +8)
You are immune to poison.
You resist negative energy. (rN+)
You are resistant to electric shocks. (rElec)
You are resistant to unholy torment.
You are immune to petrification.


Message History

Snorg looks more healthy.
Snorg draws her long claws delicately across her gut.
Snorg enters a dispersal trap!
You blink.
Snorg blinks!
Snorg is nearby!
You throw a poisoned dart. The poisoned dart hits Snorg!
Snorg is poisoned.
You throw a poisoned dart. The poisoned dart closely misses Snorg.
You throw a poisoned dart. The poisoned dart hits Snorg.
Snorg looks even sicker.
Snorg is lightly wounded.
Snorg pats her sizable gut.
You can now deal lightning-fast blows.
You gain the combat prowess of a mighty hero.
You block Snorg's attack. Snorg barely misses you. Snorg claws you!
You feel very mighty all of a sudden.
Snorg pats her sizable gut.
Snorg goes berserk!
You impale Snorg!!
Snorg is lightly wounded.
Snorg bites you!! Snorg closely misses you. Snorg claws you.
You impale Snorg!!
Snorg is moderately wounded.
You barely miss Snorg.
Snorg is moderately wounded.
Snorg bites you! Snorg claws you! Snorg claws you but does no damage.
You are too injured to fight recklessly!
You are too injured to fight recklessly!
You bludgeon Snorg!!
Snorg is heavily wounded.
You impale Snorg!!
Snorg is severely wounded.
Snorg bites you. Snorg claws you.
* * * LOW HITPOINT WARNING * * *
Snorg claws you.
* * * LOW HITPOINT WARNING * * *
You impale Snorg!!
Snorg is almost dead.
You puncture Snorg!
Snorg is almost dead.
Snorg bites you!!
You die...

#.....#.....#.................#..
#.....#######.................#'#
#>................########'#.....
#.....)...........#....[...#.....
#....<............#........#.....
#.................#........#.....
#.................#........#.....
#.................#...####+#.....
#...............@.#...##...#.....
#...............T.#...##...#.....
#.................#........#.....
#.....###'###.....#........#.....
#.....#.....#.....#...##'###.....
#.....#.....+.....#...#.......###
#.....#.....#.....#####..>.(..#
#.....'.....#.....#...#....(..#
#.....#.....#.....#...#.......#


You could see Snorg (berserk, poisoned).

Vanquished Creatures
  3 boulder beetles
  A two-headed ogre (D:7)
  2 orc knights (D:10)
  2 orc sorcerers (Orc:1)
  An ugly thing (D:11)
  3 manticores
  A cyclops (Orc:1)
  Psyche (D:10)
  A kobold demonologist (D:11)
  A hornet (D:7)
  2 trolls (D:10)
  6 yaks (D:9)
  A wraith (D:10)
  2 wyverns (D:10)
  3 wargs (Orc:2)
  3 acid dragons
  3 water moccasins
  5 black bears
  A sky beast (D:7)
  An ice beast (D:8)
  26 orc warriors
  7 ogres
  16 centaurs
  2 phantoms
  3 kobold brigands
  Blork the orc (D:5)
  2 gnoll sergeants
  2 bullfrogs (D:7)
  4 scorpions
  8 killer bees
  3 howler monkeys
  4 electric eels
  6 hounds
  A jelly (D:7)
  11 orc priests
  3 iguanas
  18 orc wizards
  7 adders
  7 gnolls
  A white imp (D:7)
  2 ufetubi (D:5)
  3 worms (D:3)
  3 dart slugs
  76 orcs
  7 ball pythons
  8 endoplasms
  3 giant cockroaches
  8 hobgoblins
  7 jackals
  5 quokkas
  4 bats
  2 frilled lizards
  7 goblins
  15 kobolds
  7 rats
332 creatures vanquished.

Vanquished Creatures (others)
  An orc wizard (Orc:2)
1 creature vanquished.

Grand Total: 333 creatures vanquished

Notes
Turn   | Place    | Note
-------+----------+-------------------------------------------
     0 | D:1      | AdnanSaban the Gargoyle Fighter began the quest for the
                  | Orb.
     0 | D:1      | Reached XP level 1. HP: 14/14 MP: 1/1
   163 | D:1      | Reached XP level 2. HP: 19/19 MP: 2/2
   926 | D:2      | Reached XP level 3. HP: 24/24 MP: 3/3
  1561 | D:3      | Reached skill level 3 in Maces & Flails
  1561 | D:3      | Reached XP level 4. HP: 19/29 MP: 4/4
  1855 | D:3      | Noticed a centaur
  1862 | D:3      | Killed a centaur
  1863 | D:3      | Reached skill level 4 in Maces & Flails
  1863 | D:3      | Reached XP level 5. HP: 16/33 MP: 5/5
  2142 | D:3      | Reached XP level 6. HP: 38/38 MP: 6/6
  2190 | D:4      | Noticed a black bear
  2239 | D:4      | Reached skill level 1 in Dodging
  2289 | D:4      | Reached skill level 5 in Maces & Flails
  2324 | D:4      | Found a staircase to the Ecumenical Temple.
  2341 | Temple   | Found a transporter.
  2341 | Temple   | Found a transporter.
  2341 | Temple   | Found a transporter.
  2341 | Temple   | Found a transporter.
  2341 | Temple   | Entered the Ecumenical Temple
  2357 | Temple   | Became a worshipper of Warmaster Okawaru
  2520 | D:4      | Killed a black bear
  2780 | D:5      | Entered Level 5 of the Dungeon
  2816 | D:5      | Reached XP level 7. HP: 32/44 MP: 7/7
  2913 | D:5      | Noticed Blork the orc
  2918 | D:5      | Killed Blork the orc
  3114 | D:5      | Reached * piety under Okawaru
  3115 | D:5      | Reached skill level 6 in Maces & Flails
  3561 | D:5      | Reached skill level 1 in Throwing
  3561 | D:5      | Reached skill level 5 in Armour
  3561 | D:5      | Reached XP level 8. HP: 42/48 MP: 8/8
  3596 | D:5      | Identified the +4 dagger of Shrieking Terror {freeze,
                  | Fragile rPois Int+7 Dex-2}
  3679 | D:5      | Reached skill level 5 in Fighting
  3906 | D:5      | Reached ** piety under Okawaru
  3907 | D:5      | Reached skill level 7 in Maces & Flails
  4197 | D:6      | Reached skill level 1 in Invocations
  4785 | D:6      | Found a broken altar of Ashenzari.
  4785 | D:6      | Found a blossoming altar of Fedhas.
  4799 | D:6      | Reached skill level 5 in Shields
  4810 | D:6      | Reached XP level 9. HP: 37/54 MP: 9/11
  4813 | D:6      | Reached *** piety under Okawaru
  5237 | D:6      | Reached skill level 8 in Maces & Flails
  5863 | D:7      | Identified the +7 sling of Wondrous Power {drain, Str+5
                  | Dex+2}
  6019 | D:7      | Found Fumpieli's Jewellery Shoppe.
  6276 | D:8      | Noticed a two-headed ogre
  6357 | D:7      | Killed a two-headed ogre
  6622 | D:8      | Reached **** piety under Okawaru
  6704 | D:7      | Reached skill level 9 in Maces & Flails
  6779 | D:7      | Reached XP level 10. HP: 60/60 MP: 13/13
  6878 | D:7      | Reached skill level 5 in Invocations
  7142 | D:8      | Found a hazy altar of Hepliaklqana.
  8067 | D:8      | Reached ***** piety under Okawaru
  8067 | D:8      | Received a gift from Okawaru
  8149 | D:9      | Reached skill level 10 in Maces & Flails
  8505 | D:10     | Entered Level 10 of the Dungeon
  8748 | D:10     | Noticed Psyche
  8937 | D:10     | Found Catotiv's Antique Weapon Boutique.
  8938 | D:10     | Found a staircase to the Orcish Mines.
  8939 | D:10     | Found Darchen's Weapon Boutique.
  8942 | D:10     | Found Acholiarch's Armour Boutique.
  8975 | D:10     | Identified the +1 dagger "Ocwalad" {pain, Int+3}
  9144 | D:10     | Killed Psyche
  9344 | D:10     | Noticed a manticore
  9375 | D:10     | Noticed a manticore
  9382 | D:9      | HP: 1/63 [acid dragon/splash of acid (20)]
  9386 | D:9      | Reached XP level 11. HP: 2/67 MP: 15/15
 10025 | D:10     | Killed a manticore
 10334 | D:11     | Noticed a manticore
 10352 | D:11     | Killed a manticore
 10556 | D:11     | Found a staircase to the Lair.
 10569 | D:11     | Noticed Snorg
 10913 | D:11     | Noticed a sixfirhy
 11619 | D:11     | Noticed a boulder beetle
 11651 | D:10     | Killed a boulder beetle
 11651 | D:10     | Identified the +0 chain mail "Gistraj" {Drain rPois Regen+}
                  | (Okawaru gifted it to you on level 10 of the Dungeon)
 11651 | D:10     | Received a gift from Okawaru
 11652 | D:10     | Reached skill level 11 in Maces & Flails
 11756 | D:11     | Noticed a boulder beetle
 11949 | D:10     | Killed a manticore
 12036 | Orc:1    | Entered Level 1 of the Orcish Mines
 12419 | Orc:1    | Noticed an orc sorcerer
 12491 | Orc:1    | Killed an orc sorcerer
 12681 | Orc:1    | Noticed an orc knight
 12785 | D:10     | Killed an orc knight
 13127 | Orc:1    | Noticed a cyclops
 13132 | Orc:1    | Noticed an orc sorcerer
 13136 | Orc:1    | Killed a cyclops
 13148 | Orc:1    | Killed an orc sorcerer
 13316 | Orc:1    | Noticed an orc knight
 13685 | D:10     | Killed an orc knight
 14146 | Orc:2    | Entered Level 2 of the Orcish Mines
 14594 | Orc:2    | Found a runed translucent door.
 14594 | Orc:2    | Found a shimmering altar of Xom.
 14594 | Orc:2    | Noticed fedoskokos's ghost (journeyman TrSh)
 14599 | Orc:2    | Noticed a +2 broad axe of chaos
 14621 | Orc:2    | Reached XP level 12. HP: 72/75 MP: 17/17
 14633 | Orc:2    | Found Uczauwot's CLEARANCE SALE!.
 14701 | Orc:2    | Found a staircase to the Elven Halls.
 15319 | Orc:2    | Reached skill level 12 in Maces & Flails
 15419 | Orc:2    | Received a gift from Okawaru
 15808 | Orc:2    | Noticed Saint Roka
 16521 | D:11     | Killed a boulder beetle
 16522 | D:11     | Reached skill level 5 in Throwing
 16625 | D:11     | Noticed a boulder beetle
 16639 | D:11     | Killed a boulder beetle
 16930 | D:11     | Slain by Snorg

Illustrated notes

Levels and vault maps discovered:
D:1:      co_arrival_random_square_maze, layout_basic
D:2:      layout_loops_ring, roderic_roman_lattice
D:3:      layout_basic
D:4:      layout_cave_pools, minmay_temple_entry_arrows
D:5:      layout_basic, uniq_blork_the_orc
D:6:      layout_basic, jmf_multi_god_temple
D:7:      layout_gridville, serial_shops, shop, serial_bayou_lake_a
D:8:      nicolae_BIG_FREAKIN_CUBE, layout_rooms, general_overflow_altar
D:9:      layout_long_grid, st_stairs_12, minmay_crystal_water
D:10:     layout_rooms, orc_david_3, serial_shops, shop, minmay_bent,
          uniq_psyche
D:11:     layout_gridville, lair_entry_dummy, uniq_snorg
D:12:     layout_layer_cave
Temple:   hellmonk_temple_divided_pantheon
Orc:1:    layout_diamond_mine, basic_altar
Orc:2:    st_orc_rangers, layout_diamond_mine, gauntlet_entry_generic,
          ebering_ghost_xom, nicolae_shop_clearance, uniq_saint_roka

Skill      XL: |  1  2  3  4  5  6  7  8  9 10 11 12 |
---------------+-------------------------------------+-----
Maces & Flails | 3 4 5 6 7 9 10 11 12 | 12.3
Fighting       | 4 5 6 7 8 9 |  9.4
Armour         | 4 5 6 7 9 |  9.6
Dodging        | 1 2 3 |  3.2
Shields        | 4 5 6 7 |  7.4
Throwing       | 1 2 3 4 5 |  5.2
Invocations    | 2 4 6 |  6.7

Action                     |  1- 3 |  4- 6 |  7- 9 | 10-12 || total
---------------------------+-------+-------+-------+-------++-------
  Melee: Flail             |   118 |   132 |   186 |       ||   436
         Morningstar       |       |       |   173 |   815 ||   988
  Throw: Dart              |       |     5 |     9 |    67 ||    81
         Boomerang         |       |       |    29 |   131 ||   160
 Invoke: Heroism           |       |       |       |     1 ||     1
         Finesse           |       |       |       |     1 ||     1
    Use: Potion            |       |       |       |     2 ||     2
 Armour: Scale mail        |    78 |   101 |   229 |    35 ||   443
         Chain mail        |       |       |       |   116 ||   116
         Plate armour      |       |       |       |   488 ||   488
  Dodge: Dodged            |    64 |    63 |   178 |   414 ||   719
  Block: Buckler           |    21 |    41 |    68 |   298 ||   428

Table legend: (Time is in decaauts)
 A = Elapsed time spent in this place.
 B = Non-inter-level travel time spent in this place.
 C = Inter-level travel time spent in this place.
 D = Time resting spent in this place.
 E = Time spent auto-exploring this place.
 F = Levels seen in this place.
 G = Mean time per level.
                   A        B        C        D        E       F      G
               +--------+--------+--------+--------+--------+-----+--------+
         Total |  17093 |  15472 |   1621 |   3102 |   8054 |  15 | 1139.5 |
       Dungeon |  14011 |  12531 |   1480 |   2069 |   7156 |  12 | 1167.6 |
        Temple |     31 |     12 |     19 |      0 |      0 |   1 |   31.0 |
  Orcish Mines |   3049 |   2927 |    122 |   1033 |    898 |   2 | 1524.5 |
               +--------+--------+--------+--------+--------+-----+--------+

Top non-repeatable levels by time:
    D:10: 2915 daAuts
    D:11: 1787 daAuts
     D:9: 1689 daAuts
   Orc:1: 1669 daAuts
     D:7: 1582 daAuts
     D:5: 1441 daAuts
   Orc:2: 1379 daAuts
     D:6: 1180 daAuts
     D:2: 828 daAuts
     D:3: 765 daAuts
     D:1: 706 daAuts
     D:8: 590 daAuts
     D:4: 515 daAuts
  Temple: 31 daAuts
    D:12: 9 daAuts
